 Dungeon Crawl Stone Soup version 0.28-a0-984-g3775c662fe (webtiles) character file.

Game seed: 15679005046285522789

15378 horus123 the Spear-Bearer (level 12, 0/89 HPs)
             Began as a Merfolk Gladiator on Dec 3, 2021.
             Was an Elder of Wu Jian.
             Slain by a blink frog (16 damage)
             ... on level 2 of the Lair of Beasts.
             The game lasted 00:37:34 (14559 turns).

horus123 the Spear-Bearer (Merfolk Gladiator)      Turns: 14559, Time: 00:37:35

Health: 0/89       AC:  9    Str: 15    XL:     12   Next: 26%
Magic:  18/18      EV: 20    Int:  8    God:    Wu Jian [****..]
Gold:   493        SH:  0    Dex: 19    Spells: 9/19 levels left

rFire   + . .      SeeInvis .   k - +6 spear (elec)
rCold   . . .      Faith    .   (no shield)
rNeg    . . .      Spirit   .   C - +2 animal skin
rPois   .          Reflect  .   c - +1 helmet
rElec   .          Harm     .   x - +0 cloak
rCorr   .          Rampage  .   y - +1 pair of gloves
Will    .....                   (no boots)
Stlth   ++........              s - amulet of magic regeneration
HPRegen 0.24/turn               E - ring of protection from fire
MPRegen 0.56/turn               (no ring)

@: studying Armour
A: (nimble swimmer 2), mertail
a: Renounce Religion, Wall Jump, Serpent's Lash


You were on level 2 of the Lair of Beasts.
You worshipped Wu Jian.
Wu Jian was greatly pleased with you.
You visited 3 branches of the dungeon, and saw 13 of its levels.

You collected 973 gold pieces.
You spent 480 gold pieces at shops.

Inventory:

Hand Weapons
 a - a +0 trident
 k - a +6 spear of electrocution (weapon)
Missiles
 d - 4 throwing nets
 l - 41 poisoned darts (quivered)
 w - 6 atropa-tipped darts
Armour
 b - a +0 leather armour
 c - a +1 helmet (worn)
 x - a +0 cloak (worn)
 y - a +1 pair of gloves (worn)
 C - a +2 animal skin (worn)
Jewellery
 s - an amulet of magic regeneration (around neck)
 u - a ring of ice
 E - a ring of protection from fire (left hand)
Wands
 j - a wand of charming (7)
 t - a wand of flame (35)
 v - a wand of iceblast (31)
 B - a wand of polymorph (8)
 F - a wand of acid (8)
Scrolls
 o - 4 scrolls of teleportation
 A - a scroll of noise {unknown}
 G - a scroll of fear
 H - a scroll of identify
Potions
 f - 3 potions of haste
 g - 4 potions of cancellation
 h - 2 potions of berserk rage
 i - a potion of magic {unknown}
 m - a potion of curing
 n - 2 potions of flight
 p - 4 potions of attraction
 q - 3 potions of brilliance {unknown}
 r - a potion of ambrosia {unknown}
 z - a potion of degeneration {unknown}
 D - 2 potions of mutation


   Skills:
 - Level 6.4 Fighting
 - Level 12.1 Polearms
 - Level 7.6 Throwing
 - Level 4.2 Armour
 - Level 11.9 Dodging
 - Level 4.3 Spellcasting
 + Level 9.5 Necromancy


You had 9 spell levels left.
You knew the following spells:

 Your Spells              Type           Power      Damage    Failure   Level
a - Excruciating Wounds   Necr           8%         N/A       16%         5
b - Manifold Assault      Tloc           1%         N/A       100%        5

Your spell library contained the following spells:

 Spells                   Type           Power      Damage    Failure   Level
 Blink                    Tloc           2%         N/A       38%         2
 Conjure Flame            Conj/Fire      1%         6-21      63%         3
 Ignite Poison            Fire/Tmut/Pois 1%         N/A       63%         3
 Portal Projectile        Hex/Tloc       2%         N/A       63%         3
 Sticky Flame             Conj/Fire      1%         2d3       95%         4
 Blade Hands              Tmut           0%         N/A       100%        5
 Storm Form               Tmut/Air       0%         N/A       100%        7


Dungeon Overview and Level Annotations

Branches:
Dungeon (10/15)            Temple (1/1) D:6            Lair (2/6) D:10
 Spider (0/4) Lair:2
  Swamp: Lair:2-4    Shoals: Lair:2-4       Orc: D:9-12

Altars:
Ashenzari
Cheibriados
Dithmenos
Elyvilon
Fedhas
Gozag
Hepliaklqana
Kikubaaqudgha
Makhleb
Nemelex Xobeh
Okawaru
Qazlal
Ru
Sif Muna
Trog
Uskayaw
Vehumet
Wu Jian
Xom
Zin
The Shining One

Shops:
D:9 :

Portals:
Abyss: D:10

Annotations:
D:10 2 transporters, snackwell's ghost, novice OpWn
Lair:1 2 transporters, bande's ghost, novice GrFi


Innate Abilities, Weirdness & Mutations

((You are quick and stealthy near water. (Stealth+, EV+, Speed+++)))
Your lower body shifts to a powerful aquatic tail in water.


Message History

The blink frog hits you but does no damage.
The blink frog blinks! x2; The blink frog barely misses you.
The blink frog blinks! x2
Aiming: Wall Jump
Press: ? - help, Dir - move target You repeatedly attack the cane toad from above.
You hit the cane toad.
Lightning courses through the cane toad!
The cane toad is moderately wounded.
You hit the cane toad.
Lightning courses through the cane toad!
The cane toad is severely wounded.
You completely miss the cane toad.
The cane toad is severely wounded.
You hit the cane toad.
Lightning courses through the cane toad!
You kill the cane toad!
The Council accepts your kill.
You repeatedly attack the blink frog from above.
You puncture the blink frog!
The blink frog is moderately wounded.
You hit the blink frog.
The blink frog is moderately wounded.
You barely miss the blink frog.
The blink frog is moderately wounded.
You closely miss the blink frog.
The blink frog is moderately wounded.
The blink frog hits you!
The blink frog blinks!
The blink frog completely misses you. The blink frog hits you!
Aiming: Wall Jump
Press: ? - help, Dir - move target You repeatedly attack the blink frog from above.
You miss the blink frog. x2; You puncture the blink frog!
The blink frog is moderately wounded.
You hit the blink frog.
The blink frog is heavily wounded.
The blink frog hits you.
The blink frog blinks!
The blink frog hits you!
* * * LOW HITPOINT WARNING * * *
The blink frog completely misses you. The blink frog hits you!
You die...

..............P#..>.......
....$.......P.............
....................<.....
..###..##...##............
##.####.##.#.......#...
#...#.#...#........P††.
##...†#†..†...b.........
#....†○○°..........#....
##<†.##@F.##.........(..
#..##°FF#§##..........P
#...####F##.............
##... ... .......?>....
##........ ........#...
##.^.............##...
.............
##......F...#.


You could see 5 blink frogs.

Vanquished Creatures
  A two-headed ogre (D:9)
  Maurice (D:8)
  2 unseen horrors
  3 cane toads
  Joseph (D:9)
  4 komodo dragons
  A wind drake (Lair:2)
  29 yaks
  3 wyverns
  2 basilisks (D:10)
  Grum (D:8)
  3 vampire mosquitoes (D:10)
  An acid dragon (D:7)
  10 water moccasins
  2 orc warriors
  A hornet zombie (D:6)
  An ice beast (D:7)
  A black bear (D:5)
  2 ogres
  7 wolves
  5 centaurs
  A phantom (D:7)
  A gnoll sergeant (D:7)
  7 bullfrogs
  5 kobold brigands
  5 scorpions
  A water moccasin zombie (D:5)
  6 wights
  9 killer bees (D:9)
  3 howler monkeys (D:7)
  Crazy Yiuf (D:6)
  5 centaur zombies
  3 hounds
  A gnoll shaman (D:5)
  7 orc priests
  A bullfrog skeleton (D:5)
  3 centaur skeletons
  4 iguanas
  12 orc wizards
  Robin (D:3)
  15 gnolls
  9 adders
  A shadow imp (D:6)
  2 adder skeletons (D:4)
  6 worms
  2 dart slugs
  34 orcs
  5 endoplasms
  9 giant cockroaches
  12 goblins
  12 hobgoblins
  4 quokkas
  11 ball pythons
  4 bats
  2 frilled lizards
  25 kobolds
  4 rats
314 creatures vanquished.

Vanquished Creatures (others)
  An orc wizard (D:2)
  A goblin (D:3)
  2 fungi (Lair:2)
  17 plants
21 creatures vanquished.

Grand Total: 335 creatures vanquished

Notes
Turn   | Place    | Note
-------+----------+-------------------------------------------
     0 | D:1      | horus123 the Merfolk Gladiator began the quest for the Orb.
     0 | D:1      | Reached XP level 1. HP: 16/16 MP: 1/1
   239 | D:1      | Reached skill level 5 in Polearms
   289 | D:1      | Reached XP level 2. HP: 22/22 MP: 2/2
   296 | D:1      | Found a faded altar of an unknown god.
   723 | D:1      | Reached skill level 6 in Polearms
   723 | D:1      | Reached XP level 3. HP: 27/27 MP: 3/3
  2004 | D:2      | Reached skill level 7 in Polearms
  2004 | D:2      | Reached XP level 4. HP: 30/33 MP: 4/4
  2030 | D:3      | Noticed Robin
  2375 | D:3      | Killed Robin
  2376 | D:3      | Reached skill level 8 in Polearms
  2376 | D:3      | Reached XP level 5. HP: 21/38 MP: 5/5
  3377 | D:3      | Reached skill level 9 in Polearms
  3795 | D:4      | Reached XP level 6. HP: 41/46 MP: 6/6
  4115 | D:4      | Reached skill level 5 in Fighting
  4115 | D:4      | Reached XP level 7. HP: 34/56 MP: 7/7
  4794 | D:5      | Entered Level 5 of the Dungeon
  4988 | D:5      | Reached skill level 5 in Dodging
  5468 | D:5      | Reached XP level 8. HP: 65/65 MP: 8/8
  5746 | D:6      | Reached skill level 10 in Polearms
  6259 | D:6      | Found a runed translucent door.
  6260 | D:6      | Noticed Crazy Yiuf
  6267 | D:6      | Killed Crazy Yiuf
  6578 | D:6      | Reached skill level 5 in Throwing
  6578 | D:6      | Reached XP level 9. HP: 71/71 MP: 9/9
  6763 | D:6      | Found a staircase to the Ecumenical Temple.
  6771 | Temple   | Entered the Ecumenical Temple
  6922 | Temple   | Became a worshipper of the Wu Jian Council
  7832 | D:7      | Reached skill level 11 in Polearms
  7838 | D:7      | Reached * piety under Wu Jian
  7970 | D:7      | Reached skill level 12 in Polearms
  8536 | D:8      | Noticed Grum
  8545 | D:8      | Reached XP level 10. HP: 77/77 MP: 10/10
  8550 | D:8      | Killed Grum
  8864 | D:8      | Reached skill level 10 in Dodging
  8959 | D:8      | Noticed Maurice
  8996 | D:8      | Killed Maurice
  9409 | D:8      | Identified a scroll of acquirement
  9409 | D:8      | Acquired a manual of Armour
  9516 | D:8      | Killed an unseen horror
  9818 | D:8      | Reached ** piety under Wu Jian
 10228 | D:9      | Found Vauggy's Book Shop.
 10234 | D:9      | Bought a book of Weapons for 480 gold pieces
 10253 | D:9      | Found a stormy altar of Qazlal.
 10284 | D:9      | Reached skill level 1 in Spellcasting
 10338 | D:9      | Learned a level 5 spell: Excruciating Wounds
 10344 | D:9      | Learned a level 5 spell: Manifold Assault
 10814 | D:9      | Reached skill level 1 in Necromancy
 11042 | D:9      | Noticed Joseph
 11060 | D:9      | Killed Joseph
 11126 | D:9      | Noticed a two-headed ogre
 11131 | D:9      | Killed a two-headed ogre
 11132 | D:9      | Reached XP level 11. HP: 74/83 MP: 14/14
 11403 | D:10     | Entered Level 10 of the Dungeon
 11435 | D:10     | Found a one-way gate to the infinite horrors of the Abyss.
 11435 | D:10     | Noticed snackwell's ghost (novice OpWn)
 11445 | D:10     | Found a transporter.
 11723 | D:10     | Noticed a worldbinder
 11723 | D:10     | Noticed a wizard
 11770 | D:10     | Reached skill level 5 in Necromancy
 11826 | D:10     | Found a transporter.
 11831 | D:10     | Found a staircase to the Lair.
 12359 | D:10     | Reached *** piety under Wu Jian
 12949 | Lair:1   | Entered Level 1 of the Lair of Beasts
 13168 | Lair:1   | Found a transporter.
 13180 | Lair:1   | Found a transporter.
 13180 | Lair:1   | Noticed bande's ghost (novice GrFi)
 13238 | Lair:1   | Noticed a six-headed hydra
 14124 | Lair:2   | Reached XP level 12. HP: 89/89 MP: 18/18
 14500 | Lair:2   | Found a hole to the Spider Nest.
 14536 | Lair:2   | Reached **** piety under Wu Jian
 14559 | Lair:2   | Slain by a blink frog

Illustrated notes

Levels and vault maps discovered:
D:1:      dpeg_arrival_erosion, layout_loops_corners,
          ebering_ecumenical_altar_hall
D:2:      layout_loops_cross, chequers_serial_rivers_small_a
D:3:      layout_basic, mrwooster_statue_mirror, nicolae_grassy_gnolls,
          uniq_robin
D:4:      layout_basic, minmay_joined_circles
D:5:      layout_loops_cross
D:6:      layout_loops_ring, minmay_temple_entry_gardened_gates,
          minmay_curled_crystal, serial_bayou_pond_e, uniq_crazy_yiuf_cottage
D:7:      layout_basic
D:8:      layout_loops_corners, chequers_ossuary_entry_cave, abandoned_shop,
          nicolae_concentric_dashed_squares_mild, uniq_maurice, uniq_grum
D:9:      layout_loops_corners, amcnicky_altar_gilded, serial_shops,
          nicolae_shop_trees, uniq_joseph
D:10:     layout_roguey, minmay_lair_entry_grove, gammafunk_ghost_abyssal_escape
Temple:   mainiacjoe_temple_hex_bubbles
Lair:1:   layout_loops_ring, nzn_ghost_randoct
Lair:2:   layout_cave_shapes, minmay_shoals_entry_beasts,
          nicolae_spider_entry_non_spiders, grunt_megastairs_1,
          lemuel_fruit_tree, lemuel_fruit_fields

Skill      XL: |  1  2  3  4  5  6  7  8  9 10 11 12 |
---------------+-------------------------------------+-----
Polearms       | 5 6 7 8 9 10 12 | 12.1
Fighting       | 5 6 |  6.4
Dodging        | 6 7 9 11 | 11.9
Throwing       | 5 7 |  7.6
Armour         | 4 |  4.2
Spellcasting   | 2 4 |  4.3
Necromancy     | 4 8 9 |  9.5

Action                   |  1- 3 |  4- 6 |  7- 9 | 10-12 || total
-------------------------+-------+-------+-------+-------++-------
Melee: Trident           |   116 |    30 |       |       ||   146
       Spear             |       |   125 |   383 |   742 ||  1250
Throw: Dart              |       |       |     8 |     9 ||    17
Invok: Whirlwind         |       |       |    15 |    75 ||    90
       Lunge             |       |       |     8 |    20 ||    28
 Abil: Wall Jump         |       |       |       |    24 ||    24
  Use: Scroll            |     5 |     5 |     3 |    10 ||    23
       Potion            |       |       |       |     8 ||     8
 Stab: Sleeping          |     3 |     1 |     2 |     3 ||     9
       Distracted        |     1 |       |       |       ||     1
Armor: Leather armour    |    18 |    24 |    44 |       ||    86
       Animal skin       |       |       |       |    85 ||    85
Dodge: Dodged            |    56 |    63 |   125 |   286 ||   530

Table legend: (Time is in decaauts)
 A = Elapsed time spent in this place.
 B = Non-inter-level travel time spent in this place.
 C = Inter-level travel time spent in this place.
 D = Time resting spent in this place.
 E = Time spent auto-exploring this place.
 F = Levels seen in this place.
 G = Mean time per level.
                   A        B        C        D        E       F      G
               +--------+--------+--------+--------+--------+-----+--------+
         Total |  14172 |  13826 |    346 |   2375 |   9238 |  13 | 1090.2 |
       Dungeon |  12400 |  12107 |    293 |   1736 |   8439 |  10 | 1240.0 |
        Temple |    173 |    151 |     22 |      0 |    147 |   1 |  173.0 |
          Lair |   1598 |   1567 |     31 |    639 |    652 |   2 |  799.0 |
               +--------+--------+--------+--------+--------+-----+--------+

Top non-repeatable levels by time:
     D:8: 1659 daAuts
    D:10: 1457 daAuts
  Lair:1: 1420 daAuts
     D:6: 1371 daAuts
     D:9: 1321 daAuts
     D:3: 1276 daAuts
     D:1: 1197 daAuts
     D:2: 1145 daAuts
     D:4: 1125 daAuts
     D:7: 976 daAuts
     D:5: 869 daAuts
  Lair:2: 177 daAuts
  Temple: 173 daAuts
